 Dungeon Crawl Stone Soup version 0.26-a0-201-gb271ac0e06 (webtiles) character file.

Game seed: 14331699137836838111

264332 PezzR the Slayer (level 19, -2/170 HPs)
             Began as a Minotaur Fighter on July 5, 2020.
             Was an Initiate of Gozag.
             Slain by an acid blob (15 damage)
             ... created by the Royal Jelly
             ... on level 5 of the Pits of Slime.
             The game lasted 02:28:53 (41508 turns).

PezzR the Slayer (Minotaur Fighter)                Turns: 41508, Time: 02:28:54

Health: -2/170     AC: 20    Str: 27    XL:     19   Next: 65%
Magic:  18/18      EV: 21    Int:  8    God:    Gozag
Gold:   1884       SH: 25    Dex: 22    Spells: 18/18 levels left

rFire    + . .     SeeInvis +   p - +8 short sword of the Heart {elec, rElec Int+4 Dex+3 SInv}
rCold    + . .     Faith    .   b - +5 kite shield {AC+3}
rNeg     + . .     Spirit   .   J - +3 plate armour {rPois}
rPois    +         Reflect  +   (helmet restricted)
rElec    +         Harm     .   Y - +2 ratskin cloak {+Rats rPois rN+ Str-1 Int-1 Dex+1}
rCorr    +         Rnd*Rage +   y - +2 pair of gloves {Str+3}
MR       +++..                  a - +2 pair of boots {run}
Stlth    ..........             L - amulet of reflection
HPRegen  0.38/turn              m - ring of Ovang {MR++ Dex+6 SInv}
MPRegen  0.16/turn              F - ring of Best {rPois rCorr Dex+2}

@: mighty, about to teleport, resistant, corroded, berserk cooldown, stab,
hasted and slowed, quick
A: retaliatory headbutt, claws 1, horns 2, molten scales 1, thin skeletal
structure 1, berserk 2, clumsy 1, deformed body, frail 1, weak 2, no potion heal
1, subdued magic 1
}: 1/15 runes: decaying
a: Potion Petition, Call Merchant, Bribe Branch, Renounce Religion, Evoke
Ratskin


You were on level 5 of the Pits of Slime.
You worshipped Gozag.
Gozag was most pleased with you.
You were not hungry.

You visited 7 branches of the dungeon, and saw 36 of its levels.
You also visited: Ice Cave.

You collected 17857 gold pieces.
You spent 6101 gold pieces at shops.
You paid 9872 gold pieces to Gozag.

Inventory:

Hand Weapons
 p - the +8 short sword of the Heart (weapon) {elec, rElec Int+4 Dex+3 SInv}
   (You found it on level 4 of the Dungeon)

   Occasionally, upon striking a foe, it will discharge some electrical energy
   and cause terrible harm.
   It affects your intelligence (+4).
   It affects your dexterity (+3).
   It insulates you from electricity.
   It lets you see invisible.
 s - a +3 broad axe
 u - a +0 broad axe of freezing
Missiles
 o - 117 poisoned darts (quivered)
 K - 8 curare-tipped darts
Armour
 a - a +2 pair of boots of running (worn)
 b - a +5 kite shield of protection (worn)
 y - a +2 pair of gloves of strength (worn)
 J - a +3 plate armour of poison resistance (worn)
 Y - the +2 ratskin cloak (worn) {+Rats rPois rN+ Str-1 Int-1 Dex+1}
   (You bought it in a shop on level 2 of the Orcish Mines)

   It affects your strength (-1).
   It affects your intelligence (-1).
   It affects your dexterity (+1).
   It protects you from poison.
   It protects you from negative energy.
Jewellery
 m - the ring of Ovang (left hand) {MR++ Dex+6 SInv}
   (You bought it in a shop on level 2 of the Lair of Beasts)

   [ring of see invisible]

   It affects your dexterity (+6).
   It affects your resistance to hostile enchantments.
   It lets you see invisible.
 r - the ring "Zanias" {rElec rF+ MR++ Dex+3 Slay-2}
   (You bought it in a shop on level 3 of the Elven Halls)

   [ring of protection from fire]

   It affects your dexterity (+3).
   It affects your accuracy and damage with ranged weapons and melee attacks
   (-2).
   It protects you from fire.
   It insulates you from electricity.
   It affects your resistance to hostile enchantments.
 v - an uncursed ring of flight
 F - the ring of Best (right hand) {rPois rCorr Dex+2}
   (You bought it in a shop on level 2 of the Lair of Beasts)

   [ring of resist corrosion]

   It affects your dexterity (+2).
   It protects you from poison.
   It provides partial protection from all sources of acid and corrosion.
 L - an amulet of reflection (around neck)
 S - the ring of the Vanishing Thickets {rN+ Str+7}
   (You found it on level 3 of the Elven Halls)

   [ring of positive energy]

   It affects your strength (+7).
   It protects you from negative energy.
Wands
 c - a wand of disintegration (27)
 n - a wand of iceblast (93)
 x - a wand of digging (11)
 E - a wand of clouds (3)
 G - a wand of enslavement (9)
 N - a wand of flame (78)
 P - a wand of acid (4)
 R - a wand of paralysis (12)
Scrolls
 e - 5 scrolls of magic mapping
 g - 2 scrolls of enchant weapon
 h - 2 scrolls of summoning
 i - 8 scrolls of fog
 j - 12 scrolls of remove curse
 w - a scroll of silence
 B - 3 scrolls of fear
 H - 13 scrolls of teleportation
 W - 3 scrolls of identify
Potions
 d - 5 potions of might
 l - 7 potions of curing
 q - 4 potions of flight
 z - 4 potions of heal wounds
 D - 4 potions of stabbing
 I - a potion of mutation
 M - a potion of cancellation
 T - 5 potions of haste
 U - a potion of brilliance
 X - 2 potions of invisibility
 Z - a potion of resistance
Miscellaneous
 k - a phial of floods
 V - a lightning rod (4/4)
Comestibles
 f - 14 rations


   Skills:
 + Level 21.2 Fighting
 - Level 12.0 Short Blades
 - Level 5.0 Axes
 * Level 5.4 Throwing
 - Level 18.0 Armour
 + Level 16.7 Dodging
 - Level 15.0 Shields
 + Level 12.1 Evocations


You had 18 spell levels left.
You didn't know any spells.
Your spell library contained the following spells:

 Spells                   Type           Power        Failure   Level  Hunger
 Apportation              Tloc           #.....       91%         1    ##.....
 Beastly Appendage        Tmut           #.....       91%         1    ##.....
 Corona                   Hex            #......      91%         1    ##.....
 Foxfire                  Conj/Fire      #...         91%         1    ##.....
 Sandblast                Erth           #.....       91%         1    ##.....
 Summon Butterflies       Summ           #.......     91%         1    ##.....
 Blink                    Tloc           N/A          97%         2    ###....
 Ensorcelled Hibernation  Hex/Ice        #.....       97%         2    ###....
 Passwall                 Tmut/Erth      #.......     97%         2    ###....
 Shroud of Golubria       Chrm/Tloc      #.....       97%         2    ###....
 Sticks to Snakes         Tmut           #.......     97%         2    ###....
 Call Canine Familiar     Summ           #.......     100%        3    ####...
 Confusing Touch          Hex            #.......     100%        3    ####...
 Conjure Flame            Conj/Fire      #.......     100%        3    ####...
 Dazzling Flash           Conj/Hex       #.....       100%        3    ####...
 Frozen Ramparts          Ice            #.....       100%        3    ####...
 Gell's Gravitas          Tloc           #.........   100%        3    ####...
 Inner Flame              Hex/Fire       #.......     100%        3    ####...
 Lesser Beckoning         Tloc           #.........   100%        3    ####...
 Recall                   Summ/Tloc      N/A          100%        3    ####...
 Spider Form              Tmut/Pois      #.........   100%        3    ####...
 Stone Arrow              Conj/Erth      #.....       100%        3    ####...
 Teleport Other           Tloc           #.......     100%        3    ####...
 Tukima's Dance           Hex            #.......     100%        3    ####...
 Animate Dead             Necr           N/A          100%        4    #####..
 Ice Form                 Ice/Tmut       #.......     100%        4    #####..
 Passage of Golubria      Tloc           N/A          100%        4    #####..
 Petrify                  Tmut/Erth      #.......     100%        4    #####..
 Sticky Flame             Conj/Fire      #.......     100%        4    #####..
 Summon Ice Beast         Ice/Summ       #.......     100%        4    #####..
 Summon Lightning Spire   Summ/Air       #.......     100%        4    #####..
 Alistair's Intoxication  Tmut/Pois      #.......     100%        5    ######.
 Blade Hands              Tmut           #.........   100%        5    ######.
 Borgnjor's Vile Clutch   Necr/Erth      #.........   100%        5    ######.
 Fireball                 Conj/Fire      #.........   100%        5    ######.
 Lee's Rapid Deconstruct  Erth           #.........   100%        5    ######.
 Metabolic Englaciation   Hex/Ice        #.........   100%        5    ######.
 Silence                  Hex/Air        #.........   100%        5    ######.
 Summon Mana Viper        Hex/Summ       #.......     100%        5    ######.
 Conjure Ball Lightning   Conj/Air       #.........   100%        6    #######
 Death Channel            Necr           #.........   100%        6    #######
 Invisibility             Hex            #.......     100%        6    #######
 Simulacrum               Ice/Necr       #.........   100%        6    #######
 Summon Hydra             Summ           #.........   100%        7    #######
 Tornado                  Air            #.........   100%        9    #######


Dungeon Overview and Level Annotations

Branches:
Dungeon (15/15)            Temple (1/1) D:5            Lair (6/6) D:11
  Swamp (4/4) Lair:4       Spider (0/4) Lair:2        Slime (5/5) Lair:5
    Orc (2/2) D:12            Elf (3/3) Orc:2        Vaults (0/5) D:13
 Depths (0/5) D:15          IceCv (visited)

Altars:
Ashenzari
Cheibriados
Dithmenos
Elyvilon
Fedhas
Gozag
Hepliaklqana
Kikubaaqudgha
Makhleb
Nemelex Xobeh
Okawaru
Qazlal
Ru
Sif Muna
Trog
Uskayaw
Vehumet
Wu Jian
Xom
Yredelemnul
Zin
The Shining One
Beogh
Jiyva
Lugonu

Shops:
D:4 %!:   D:6 *   D:8 :   D:12 *(   D:13 =   D:15 *   Orc:1 }*?   Orc:2 *}**:
Elf:2 =   Elf:3 *:   Lair:2 =   Lair:6 [(*

Portals:
Abyss: Elf:1

Annotations:
Lair:4 exclusion: 4 oklob plants
Swamp:3 Roxanne
Elf:1 2 transporters, Adaoboim's ghost, adept DDFi


Innate Abilities, Weirdness & Mutations

You reflexively headbutt those who attack you in melee.
You have a pair of horns on your head.
You have sharp fingernails.
You are partially covered in molten scales. (AC +2)
You have a somewhat thin skeletal structure. (Dex +2, Stealth)
You often lose your temper in combat.
You are clumsy. (Dex -2)
Armour fits poorly on your strangely shaped body.
You are frail. (-10% HP)
You are very weak. (Str -4)
Potions are less effective at restoring your health.
Your spells are a little easier to cast, but a little less powerful.


Message History

As you read the scroll of teleportation, it crumbles to dust.
You feel strangely unstable. You block the azure jelly's attack. x2
The azure jelly hits you but does no damage.
You block the azure jelly's attack. The acid blob hits you!
* * * LOW HITPOINT WARNING * * *
You are splashed with acid.
You resist.
* * * LOW HITPOINT WARNING * * *
The acid blob jiggles.
The acid blob hits you!
* * * LOW HITPOINT WARNING * * *
You are splashed with acid.
You resist.
* * * LOW HITPOINT WARNING * * *
Okay, then.
Your system partially rejects the healing.
You feel much better. You block the azure jelly's attack. x2
The azure jelly hits you.
* * * LOW HITPOINT WARNING * * *
You block the azure jelly's attack. The acid blob hits you!
You die...
Your body crumbles into a pile of gold.

..................##$# .
................###()? .##$$$
................##("!##..##$
..............###%:(:?...#$
...............# ?$)[....## $
...............# $[.}..##=
..............#####......##
..............JJJ#J$......#
..............##@JJ........
...............####......##
...............# $$#=..##) $
..............## [[?##..##
..............## ?|φ))##.#( #
................##(=$##..## ##
................###!$[#.## ###.
.................###)# .. ##...
#..................#####.####....


You could see 2 acid blobs, 2 azure jellies and 2 death oozes.

Vanquished Creatures
  the Royal Jelly (Slime:5)
  Rupert (Orc:2)
  Jorgrun (D:12)
  3 deep elf blademasters
  2 deep elf master archers (Elf:3)
  20 acid blobs
  Kirke (Lair:5)
  12 azure jellies
  5 deep elf sorcerers
  Aizul (Swamp:3)
  4 deep elf elementalists (Elf:3)
  A ghoul (D:13)
  2 entropy weavers (Lair:6)
  Nessos (D:13)
  Azrael (Elf:2)
  5 deep elf demonologists
  4 deep elf death magi (Elf:3)
  3 deep elf annihilators (Elf:3)
  3 death oozes (Slime:5)
  2 deep elf high priests (Elf:3)
  An ice dragon (Lair:4)
  Fannar (Orc:1)
  Erolcha (D:12)
  3 catoblepae (Lair:6)
  21 hydras
  7 great orbs of eyes
  Erica (D:10)
  3 centaur warriors
  13 alligators
  9 death yaks
  A queen ant (Lair:6)
  4 orc high priests (Orc:2)
  Urug (Lair:5)
  18 deep elf knights
  Nergalle (D:12)
  Sonja (D:12)
  7 skeletal warriors
  4 spriggan druids (Swamp:4)
  5 unseen horrors
  7 swamp dragons
  2 glowing orange brains
  14 deep elf archers
  A lindwurm (Lair:4)
  2 orc knights (Orc:1)
  A wolf spider zombie (D:13)
  A phantasmal warrior (D:15)
  A wizard (D:15)
  2 necromancers
  5 orc sorcerers
  5 manticores
  55 deep elf magi
  8 shining eyes
  6 ugly things
  4 cyclopes
  8 elephants
  4 black mambas
  Maurice (D:13)
  An ice statue (IceCv)
  20 cane toads
  2 eyes of devastation
  7 komodo dragons
  A kobold demonologist (D:14)
  3 rime drakes
  10 freezing wraiths (IceCv)
  A tengu conjurer (D:15)
  3 guardian mummies
  A polar bear (Lair:6)
  A wolf spider simulacrum (IceCv)
  8 tyrant leeches
  2 trolls
  12 blink frogs
  5 hornets
  118 slime creatures
  5 bog bodies
  A meliai zombie (D:13)
  7 dream sheep (Lair:5)
  3 air elementals
  18 flying skulls (D:15)
  10 hippogriffs
  An ice dragon skeleton (D:15)
  2 redbacks (Lair:2)
  Sigmund (D:6)
  7 water elementals
  2 deep troll skeletons (D:15)
  4 spriggans
  6 fire elementals
  2 wyverns
  47 yaks
  2 basilisks
  A hog (Lair:5)
  Grum (D:11)
  A hungry ghost (D:9)
  15 golden eyes
  5 vampire mosquitoes (Swamp:4)
  A death yak simulacrum (IceCv)
  2 wargs (Orc:1)
  5 insubstantial wisps (Swamp:3)
  Edmund (D:6)
  11 swamp worms
  6 soldier ants
  A human zombie (D:15)
  7 water moccasins
  2 acid dragons (D:15)
  2 hell hounds (Elf:2)
  A floating eye (Slime:4)
  10 ice beasts
  11 porcupines
  12 eyes of draining
  2 hornet zombies
  16 orc warriors
  An alligator simulacrum (IceCv)
  15 swamp drakes
  3 phantoms
  5 sky beasts
  9 ogres
  8 wolves
  A necrophage (D:9)
  9 centaurs
  A crocodile (shapeshifter) (D:14)
  8 crocodiles
  3 big kobolds (D:14)
  10 bullfrogs
  4 earth elementals
  A gnoll sergeant (D:13)
  A scorpion (D:11)
  8 wights
  3 killer bees (D:9)
  An electric eel (Elf:3)
  6 howler monkeys
  A crimson imp (D:9)
  2 bullfrog zombies
  3 draconian simulacra (IceCv)
  8 hounds
  4 jellies
  2 quasits
  6 centaur zombies
  5 bullfrog skeletons
  4 centaur skeletons
  25 orc priests
  An iron imp (D:7)
  Jessica (D:2)
  3 iguanas
  20 orc wizards
  A polar bear simulacrum (IceCv)
  3 spriggan simulacra (IceCv)
  13 worker ants
  2 troll simulacra (IceCv)
  2 centaur simulacra (IceCv)
  A hound skeleton (D:4)
  3 mummies (D:13)
  A worker ant zombie (D:6)
  20 gnolls
  A howler monkey skeleton (D:4)
  4 ogre simulacra (IceCv)
  13 adders
  6 naga simulacra (IceCv)
  15 white imps
  An ufetubus (D:10)
  4 worms
  An adder skeleton (D:4)
  2 dart slugs (D:2)
  3 leopard geckos
  59 orcs
  7 bats
  6 giant cockroaches
  10 goblins
  9 hobgoblins
  21 jackals
  2 quokkas
  2 ball pythons
  4 frilled lizards
  A goblin skeleton (D:7)
  2 goblin zombies (D:7)
  2 hobgoblin zombies (D:7)
  A jackal skeleton (D:4)
  13 kobolds
  An orc skeleton (D:7)
  An orc zombie (D:7)
  8 rats
  A butterfly (Lair:6)
1156 creatures vanquished.

Vanquished Creatures (others)
  23 dancing weapons
  A deep elf knight (Elf:3)
  A human (Lair:5)
  An electric eel (Elf:3)
  A quokka (D:13)
  7 fungi (Lair:5)
  5 plants
  5 toadstools (D:10)
  2 withered plants (D:13)
46 creatures vanquished.

Grand Total: 1202 creatures vanquished

Notes
Turn   | Place    | Note
-------+----------+-------------------------------------------
     0 | D:1      | PezzR the Minotaur Fighter began the quest for the Orb.
     0 | D:1      | Reached XP level 1. HP: 19/19 MP: 0/0
   208 | D:1      | Reached XP level 2. HP: 27/27 MP: 1/1
   609 | D:1      | Reached skill level 4 in Fighting
   761 | D:2      | Reached XP level 3. HP: 26/33 MP: 2/2
   789 | D:2      | Found a hazy altar of Hepliaklqana.
   966 | D:2      | Noticed Jessica
  1123 | D:2      | Reached XP level 4. HP: 40/40 MP: 3/3
  1560 | D:2      | Found a shimmering altar of Xom.
  1568 | D:2      | Killed Jessica
  1674 | D:2      | Reached XP level 5. HP: 47/47 MP: 4/4
  2340 | D:3      | Reached skill level 5 in Shields
  2894 | D:3      | Reached skill level 5 in Armour
  2915 | D:3      | Found an ancient bone altar of Kikubaaqudgha.
  2915 | D:3      | Found an ornate altar of the Wu Jian Council.
  2915 | D:3      | Found a hide-covered altar of Uskayaw.
  3157 | D:4      | Reached skill level 5 in Fighting
  3306 | D:4      | Found Tekisk's Distillery.
  3314 | D:4      | Bought a potion of brilliance for 48 gold pieces
  3314 | D:4      | Bought a potion of degeneration for 12 gold pieces
  3314 | D:4      | Bought a potion of flight for 36 gold pieces
  3314 | D:4      | Bought a potion of berserk rage for 60 gold pieces
  3365 | D:4      | Found Rubef's Food Boutique.
  3380 | D:4      | Reached XP level 6. HP: 56/56 MP: 5/5
  3389 | D:4      | Found an iron altar of Okawaru.
  3442 | D:4      | Found a blossoming altar of Fedhas.
  3521 | D:4      | Found Cooth's Book Emporium.
  3993 | D:4      | Reached skill level 5 in Axes
  3993 | D:4      | Reached XP level 7. HP: 61/61 MP: 4/6
  4264 | D:4      | Got a twisted short sword
  4265 | D:4      | Identified the +8 short sword of the Heart {elec, rElec
                  | Int+4 Dex+3 SInv} (You found it on level 4 of the Dungeon)
  4297 | D:5      | Entered Level 5 of the Dungeon
  4310 | D:5      | Found a staircase to the Ecumenical Temple.
  4314 | Temple   | Entered the Ecumenical Temple
  4440 | D:5      | Found a snail-covered altar of Cheibriados.
  4753 | D:6      | Reached skill level 1 in Short Blades
  4823 | D:6      | Found a burning altar of Makhleb.
  4935 | D:6      | Reached skill level 6 in Fighting
  4985 | D:6      | Noticed Sigmund
  4993 | D:6      | Killed Sigmund
  5028 | D:6      | Noticed Edmund
  5039 | D:6      | Killed Edmund
  5089 | D:6      | Reached XP level 8. HP: 64/71 MP: 7/7
  5438 | D:6      | Found Zin's Purification Station.
  5444 | D:6      | Found a glowing silver altar of Zin.
  5465 | D:6      | Found a sparkling altar of Nemelex Xobeh.
  5468 | D:6      | Reached skill level 7 in Fighting
  5881 | D:7      | Noticed a cyclops
  5893 | D:7      | Killed a cyclops
  6043 | D:7      | Reached XP level 9. HP: 80/81 MP: 8/8
  6048 | D:7      | Reached skill level 8 in Fighting
  6054 | D:7      | Reached skill level 5 in Short Blades
  6113 | D:7      | Found a shimmering blue altar of Sif Muna.
  6297 | D:7      | Found a glowing golden altar of the Shining One.
  6843 | D:8      | Found an opulent altar of Gozag.
  6884 | D:8      | Became a worshipper of Gozag Ym Sagoz the Greedy
  6982 | D:8      | Found Jeecw's Book Emporium.
  7367 | D:8      | Reached skill level 9 in Fighting
  7933 | D:9      | Reached XP level 10. HP: 91/91 MP: 9/9
  7977 | D:9      | Found a white marble altar of Elyvilon.
  8826 | D:9      | Reached skill level 10 in Shields
  8836 | D:9      | Reached skill level 10 in Fighting
  8836 | D:9      | Reached skill level 10 in Armour
  8861 | D:9      | Found a bloodstained altar of Trog.
  8945 | D:10     | Entered Level 10 of the Dungeon
  8998 | D:10     | Noticed an unseen horror
  9002 | D:10     | Killed an unseen horror
  9044 | D:10     | Noticed Erica
  9052 | D:10     | Killed Erica
  9268 | D:10     | Noticed an unseen horror
  9272 | D:10     | Killed an unseen horror
  9680 | D:11     | Found a staircase to the Lair.
  9811 | D:11     | Found a shadowy altar of Dithmenos.
  9913 | D:11     | Reached XP level 11. HP: 101/101 MP: 10/10
  9961 | D:11     | Noticed Grum
  9972 | D:11     | Killed Grum
 10325 | D:11     | Noticed a purple ugly thing
 10339 | D:11     | Killed a purple ugly thing
 10339 | D:11     | Reached skill level 11 in Fighting
 10589 | D:12     | Noticed Nergalle
 10610 | D:12     | Killed Nergalle
 10717 | D:12     | Found a staircase to the Orcish Mines.
 10796 | D:12     | Noticed Erolcha
 10802 | D:12     | Killed Erolcha
 10835 | D:12     | Noticed Jorgrun
 10861 | D:12     | HP: 3/102 [Jorgrun/iron shot (15)]
 10869 | D:12     | Killed Jorgrun
 11233 | D:12     | Noticed Sonja
 11303 | D:12     | Killed Sonja
 11720 | Orc:1    | Entered Level 1 of the Orcish Mines
 11720 | Orc:1    | Found a roughly hewn altar of Beogh.
 11790 | Orc:1    | Found Kaluges's Gadget Emporium.
 11793 | Orc:1    | Noticed Fannar
 11807 | Orc:1    | Noticed an orc knight
 11818 | Orc:1    | Killed Fannar
 11818 | Orc:1    | Reached skill level 12 in Fighting
 11831 | Orc:1    | Killed an orc knight
 11835 | Orc:1    | Reached skill level 10 in Short Blades
 11835 | Orc:1    | Reached XP level 12. HP: 70/112 MP: 7/11
 12121 | Orc:1    | Found a roughly hewn altar of Beogh.
 12343 | Orc:1    | Found Raroor's General Store.
 12494 | Orc:1    | Found Kaluges's Gadget Emporium.
 12536 | Orc:1    | Found a roughly hewn altar of Beogh.
 12601 | Orc:1    | Found Raroor's General Store.
 12698 | Orc:2    | Entered Level 2 of the Orcish Mines
 12701 | Orc:2    | Noticed Rupert
 13224 | D:12     | Bought a glowing kite shield for 232 gold pieces
 13241 | D:12     | Bought a glowing broad axe for 231 gold pieces
 13391 | D:13     | Noticed Nessos
 13425 | D:13     | Killed Nessos
 13729 | D:13     | Found a white marble altar of Elyvilon.
 13869 | D:13     | Noticed an eight-headed hydra
 13880 | D:13     | Killed an eight-headed hydra
 14078 | D:13     | Found a gate to the Vaults.
 14141 | D:13     | Reached skill level 13 in Fighting
 14535 | D:13     | Noticed Maurice
 14550 | D:13     | Paralysed by Maurice for 6 turns
 14563 | D:13     | Killed Maurice
 14647 | D:13     | Found Akuppac's Jewellery Shop.
 14660 | D:13     | Noticed a ghoul
 14677 | D:13     | Killed a ghoul
 14677 | D:13     | Reached skill level 1 in Dodging
 14873 | D:14     | Reached XP level 13. HP: 122/122 MP: 12/12
 15355 | D:15     | Entered Level 15 of the Dungeon
 15605 | D:15     | Found a staircase to the Depths.
 15768 | D:15     | Reached skill level 14 in Fighting
 15836 | D:15     | Found the +3 giant club "Skullcrusher" {speed, Str+7}
 16058 | D:15     | Found Hiecs's General Store.
 16151 | D:15     | Reached skill level 5 in Dodging
 16748 | Lair:1   | Entered Level 1 of the Lair of Beasts
 17569 | Lair:2   | Found a hole to the Spider Nest.
 17595 | Lair:2   | Identified the Tome of Scorching Ice
 17800 | Lair:2   | Reached XP level 14. HP: 133/133 MP: 13/13
 18205 | Lair:2   | Bought the ring of Ovang {MR++ Dex+6 SInv} for 645 gold
                  | pieces
 18205 | Lair:2   | Bought the ring of Best {rPois rCorr Dex+2} for 531 gold
                  | pieces
 19188 | Lair:4   | Found a staircase to the Swamp.
 19225 | Lair:4   | Found a frozen archway.
 19234 | IceCv    | Entered an ice cave
 19561 | IceCv    | Found an ancient bone altar of Kikubaaqudgha.
 20082 | Lair:4   | Reached skill level 15 in Fighting
 20090 | Lair:4   | Reached skill level 15 in Shields
 20102 | Lair:4   | Reached skill level 15 in Armour
 21499 | Lair:5   | Found a viscous altar of Jiyva.
 21499 | Lair:5   | Found a staircase to the Slime Pits.
 21600 | Lair:5   | Noticed Kirke
 21613 | Lair:5   | Killed Kirke
 21616 | Lair:5   | Noticed Urug
 21628 | Lair:5   | Killed Urug
 21642 | Lair:5   | Reached XP level 15. HP: 139/143 MP: 14/14
 22051 | Lair:6   | Entered Level 6 of the Lair of Beasts
 22246 | Lair:6   | Reached skill level 16 in Fighting
 22793 | Lair:6   | Reached skill level 10 in Dodging
 23518 | Lair:6   | Bought a scroll labeled APUCEO QIRPHI for 40 gold pieces
 23518 | Lair:6   | Bought a scroll labeled YNTAMP IRAB for 40 gold pieces
 23534 | Lair:6   | Bought a shimmering rapier for 315 gold pieces
 23534 | Lair:6   | Identified the +6 rapier of the Wolf {vorpal, Str+3} (You
                  | bought it in a shop on level 6 of the Lair of Beasts)
 23550 | Lair:6   | Bought a pair of runed gloves for 292 gold pieces
 23550 | Lair:6   | Bought an encrusted plate armour for 1092 gold pieces
 23564 | Lair:6   | Identified the +2 plate armour of the Planets {*Corrode
                  | rPois Str+4 Stlth+} (You bought it in a shop on level 6 of
                  | the Lair of Beasts)
 23825 | Orc:2    | Killed Rupert
 23825 | Orc:2    | Reached skill level 1 in Evocations
 23952 | Orc:2    | Found a staircase to the Elven Halls.
 24006 | Orc:2    | Found Retty's Assorted Antiques.
 24474 | Orc:1    | Found Culiw's Magic Scroll Shoppe.
 25318 | Orc:2    | Found Vipix's General Store.
 25318 | Orc:2    | Found Zaoqeuku's Assorted Antiques.
 25318 | Orc:2    | Found Louluol's Gadget Shoppe.
 25321 | Orc:2    | Found Puik's Book Emporium.
 25326 | Orc:2    | Bought a brown potion for 22 gold pieces
 25609 | Orc:1    | Bought a scroll of acquirement for 728 gold pieces
 25681 | Orc:2    | Bought the +2 ratskin cloak {+Rats rPois rN+ Str-1 Int-1
                  | Dex+1} for 389 gold pieces
 25681 | Orc:2    | Found the +2 ratskin cloak {+Rats rPois rN+ Str-1 Int-1
                  | Dex+1}
 25724 | Orc:2    | Bought a runed plate armour for 650 gold pieces
 25912 | D:13     | Bought a cursed amulet of reflection for 513 gold pieces
 26044 | Swamp:1  | Entered Level 1 of the Swamp
 26425 | Swamp:1  | Reached skill level 17 in Fighting
 27094 | Swamp:2  | Reached XP level 16. HP: 155/155 MP: 15/15
 27597 | Swamp:3  | Noticed Aizul
 27625 | Swamp:3  | Killed Aizul
 27798 | Swamp:3  | Identified Roxanne's Catalogue of Changing
 27798 | Swamp:3  | Noticed Roxanne
 28503 | Swamp:4  | Entered Level 4 of the Swamp
 28577 | Swamp:4  | Reached skill level 5 in Evocations
 28715 | Swamp:4  | Got a decaying rune of Zot
 29672 | Elf:1    | Entered Level 1 of the Elven Halls
 30346 | Elf:1    | Noticed an Executioner
 30498 | Elf:1    | Reached skill level 18 in Fighting
 31036 | Elf:1    | Noticed Adaoboim's ghost (adept DDFi)
 31054 | Elf:1    | Found a transporter.
 31055 | Elf:1    | Identified the +5 rapier of the Hierophant {distort, rF+}
 31055 | Elf:1    | Identified the +7 quick blade of Wimeokk {distort, rN+ MR+
                  | Str-3 Int+4}
 31055 | Elf:1    | Noticed a deep elf blademaster
 31060 | Elf:1    | Found a transporter.
 31070 | Elf:1    | Found a one-way gate to the infinite horrors of the Abyss.
 31072 | Elf:1    | Noticed a tentacled monstrosity
 31254 | Elf:2    | Noticed Azrael
 31265 | Elf:2    | Killed Azrael
 31265 | Elf:2    | Reached XP level 17. HP: 140/165 MP: 16/16
 31718 | Elf:2    | Found a runed translucent gate.
 31718 | Elf:2    | Found a runed translucent gate.
 31718 | Elf:2    | Found a runed translucent gate.
 32452 | Elf:2    | Noticed a deep elf blademaster
 32475 | Elf:2    | Killed a deep elf blademaster
 32917 | Elf:3    | Entered Level 3 of the Elven Halls
 32976 | Elf:3    | Found Weckuush's Book Emporium.
 33528 | Elf:3    | Reached skill level 19 in Fighting
 34233 | Elf:3    | Noticed a deep elf blademaster
 34266 | Elf:3    | Killed a deep elf blademaster
 34428 | Elf:3    | Reached XP level 18. HP: 65/176 MP: 17/17
 34652 | Elf:3    | Identified the ring of Suochaico {Ice *Slow rPois Dex+7}
 34791 | Elf:3    | Found the +7 mace of Variability {chain chaos}
 34866 | Elf:3    | Identified the Collected Works on Dusty Snow
 34916 | Elf:3    | Got a brightly glowing bone ring
 34921 | Elf:3    | Got a brightly glowing lead ring
 34924 | Elf:3    | Identified the ring of the Robin {rC++ AC+4} (You found it
                  | on level 3 of the Elven Halls)
 34926 | Elf:3    | Identified the ring of the Vanishing Thickets {rN+ Str+7}
                  | (You found it on level 3 of the Elven Halls)
 35032 | Elf:3    | Reached skill level 10 in Evocations
 35101 | Elf:3    | Identified a +1 pair of boots of running (You found it on
                  | level 3 of the Elven Halls)
 35458 | Elf:3    | Bought a twitching glass ring for 225 gold pieces
 35458 | Elf:3    | Identified the ring "Zanias" {rElec rF+ MR++ Dex+3 Slay-2}
                  | (You bought it in a shop on level 3 of the Elven Halls)
 35482 | Elf:2    | Reached skill level 15 in Dodging
 35718 | Slime:1  | Entered Level 1 of the Pits of Slime
 36385 | Slime:1  | Reached skill level 20 in Fighting
 38293 | Slime:3  | Gained mutation: You are clumsy. (Dex -2) [a shining eye]
 38295 | Slime:3  | Gained mutation: You are weak. (Str -2) [a shining eye]
 38297 | Slime:3  | Gained mutation: You are very clumsy. (Dex -4) [a shining
                  | eye]
 38298 | Slime:3  | Gained mutation: You tend to lose your temper in combat. [a
                  | shining eye]
 38300 | Slime:3  | Gained mutation: You are dopey. (Int -2) [a shining eye]
 38301 | Slime:3  | Gained mutation: Your magical capacity is low. (-10% MP) [a
                  | shining eye]
 38302 | Slime:3  | Gained mutation: You are frail. (-10% HP) [a shining eye]
 38307 | Slime:3  | Lost mutation: You are very clumsy. (Dex -4) [a shining
                  | eye]
 38334 | Slime:3  | Lost mutation: You are dopey. (Int -2) [potion of mutation]
 38334 | Slime:3  | Lost mutation: You are frail. (-10% HP) [potion of
                  | mutation]
 38334 | Slime:3  | Lost mutation: You tend to lose your temper in combat.
                  | [potion of mutation]
 38334 | Slime:3  | Lost mutation: Your magical capacity is low. (-10% MP)
                  | [potion of mutation]
 38334 | Slime:3  | Gained mutation: You have sharp fingernails. [potion of
                  | mutation]
 38334 | Slime:3  | Lost mutation: You are clumsy. (Dex -2) [potion of
                  | mutation]
 38334 | Slime:3  | Gained mutation: You have a somewhat thin skeletal
                  | structure. (Dex +2, Stealth) [potion of mutation]
 38334 | Slime:3  | Gained mutation: You are partially covered in molten
                  | scales. (AC +2) [potion of mutation]
 38666 | Slime:4  | Gained mutation: Your spells are a little easier to cast,
                  | but a little less powerful. [a shining eye]
 38668 | Slime:4  | Gained mutation: You are very weak. (Str -4) [a shining
                  | eye]
 38746 | Slime:2  | Gained mutation: Armour fits poorly on your strangely
                  | shaped body. [a shining eye]
 38748 | Slime:2  | Gained mutation: You are frail. (-10% HP) [a shining eye]
 39477 | Slime:3  | Reached XP level 19. HP: 122/168 MP: 10/18
 40353 | Slime:3  | Gained mutation: You are very frail. (-20% HP) [a shining
                  | eye]
 40636 | Slime:5  | Entered Level 5 of the Pits of Slime
 40722 | Slime:5  | Reached skill level 1 in Throwing
 40895 | Slime:5  | Lost mutation: You are very frail. (-20% HP) [a shining
                  | eye]
 40909 | Slime:5  | Reached skill level 21 in Fighting
 41188 | Slime:5  | Gained mutation: Potions are less effective at restoring
                  | your health. [a shining eye]
 41190 | Slime:5  | Gained mutation: You tend to lose your temper in combat. [a
                  | shining eye]
 41198 | Slime:5  | Gained mutation: You often lose your temper in combat. [a
                  | shining eye]
 41208 | Slime:5  | Gained mutation: You are clumsy. (Dex -2) [a shining eye]
 41415 | Slime:5  | Found a viscous altar of Jiyva.
 41416 | Slime:5  | Noticed the Royal Jelly
 41420 | Slime:5  | Found the +12 glaive of Prune {vorpal}
 41486 | Slime:5  | Killed the Royal Jelly
 41486 | Slime:5  | Reached skill level 5 in Throwing
 41507 | Slime:5  | HP: 7/170 [acid blob[the Royal Jelly] (13)]
 41508 | Slime:5  | Slain by an acid blob

Illustrated notes

Levels and vault maps discovered:
D:1:      nzn_arrival_crosshair, layout_loops_ring,
          chequers_serial_rivers_room_b
D:2:      layout_loops_ring, overflow_temple_1_default, tgw_xom, uniq_jessica
D:3:      layout_loops_ring, gammafunk_temple_overflow_forgotten, first_ration
D:4:      layout_loops_ring, okawaru_gym_becter, fedhas_bush_and_centaur_altar,
          serial_shops, shop, shop, shop, minmay_fractal_squares_5
D:5:      layout_rooms, lemuel_crystal_altar, minmay_temple_entry_glassed_door
D:6:      layout_loops_ring, nemelex_xobeh_ov_fountains_minmay,
          lemuel_crystal_altar, zin_purify, corexii_hall_statues_i,
          chequers_serial_rivers_large_a, uniq_sigmund, uniq_edmund
D:7:      layout_loops_corners, nicolae_overflow_crystal_walls,
          nicolae_tso_besieged_by_evil
D:8:      layout_basic, lemuel_doored_altar, serial_shops, shop, grunt_pizzeria
D:9:      layout_loops_corners, old_standard_altar,
          nicolae_overflow_hidden_temple, minmay_fire_ice_demons
D:10:     layout_loops_ring, minmay_gold_behind_fungi, uniq_erica
D:11:     layout_roguey, lair_entry_dummy, nicolae_dithmenos_shadow_blocks,
          uniq_grum
D:12:     layout_basic, orc_0_dummy, uniq_nergalle, uniq_jorgrun, uniq_sonja,
          uniq_erolcha
D:13:     layout_loops_ring, david_vaults_4, serial_undead, serial_undead_a,
          serial_undead_d, serial_undead_f, serial_undead_a, serial_undead_f,
          serial_undead_a, serial_undead_d, serial_undead_a, serial_undead_a,
          serial_undead_f, minmay_shop_enchanted_jewellery, elyvilon_altar_4,
          uniq_nessos, uniq_maurice
D:14:     layout_roguey
D:15:     gammafunk_depths_entry_grave, layout_stronghold, serial_shops,
          shop_fountains, minmay_guarded_unrand_skullcrusher
Temple:   corrupted_temple
Lair:1:   layout_regular_city
Lair:2:   layout_regular_city, spider_nest_entry_webs,
          infiniplex_staircase_pool_2
Lair:3:   layout_roguey
Lair:4:   layout_long_grid, swamp_mist, portal_ice_cave_entry_pillars_2,
          bobbens_ice_dragon_lair, infiniplex_staircase_pool,
          minmay_lair_oklob_chamber
Lair:5:   layout_loops_ring, slime_altar_1, beast_lair_carwin_2, uniq_kirke,
          uniq_urug
Lair:6:   evilmike_catoblepas_cave, layout_hall_layers, wad_woods_antlair,
          lemuel_fruit_fields
Swamp:1:  layout_basic_swamp, hangedman_swamp_ruin_wall
Swamp:2:  layout_basic_swamp, evilmike_swamp_ruin_house_5
Swamp:3:  layout_falls_marsh, hangedman_swamp_pad, uniq_roxanne, uniq_aizul
Swamp:4:  swamp, layout_basic_swamp, swamp_pool2
Slime:1:  layout_caves, cheibrodos_slime_lost_civilization_5
Slime:2:  layout_caves, nicolae_slime_round_cave
Slime:3:  layout_caves
Slime:4:  layout_caves
Slime:5
Orc:1:    layout_caves, basic_altar, serial_shops, shop, shop, shop_fountains,
          mines2_david, uniq_fannar
Orc:2:    st_orc_mages, layout_caves, gauntlet_entry_generic, serial_shops,
          nicolae_shop_stone, uniq_rupert
Elf:1:    layout_loops_cross, gammafunk_ghost_abyssal_escape, minivault_28
Elf:2:    layout_gridlike, nrook_loot_triangle, dk_noncrumbling_4,
          minmay_misc_feat_ornament, drop_trap, lemuel_elevator, uniq_azrael
Elf:3:    elf_hall_gauntlet_wide, layout_geoelf_castle, serial_shops,
          nicolae_shop_statue_plus, minivault_28

Skill      XL: |  1  2  3  4  5  6  7  8  9 10 11 12 13 14 15 16 17 18 19 |
---------------+----------------------------------------------------------+-----
Fighting       | 4 5 6 7 9 10 12 13 14 15 17 18 19 20 21 | 21.2
Shields        | 4 5 6 8 9 10 12 13 14 15 | 15.0
Armour         | 4 5 6 7 9 10 12 13 14 15 17 18 | 18.0
Axes           | 3 4 5 |  5.0
Short Blades   | 2 4 6 8 10 11 12 | 12.0
Dodging        | 1 5 9 11 12 14 16 | 16.7
Evocations     | 3 6 9 11 12 | 12.1
Throwing       | 5 |  5.4

Action                   |  1- 3 |  4- 6 |  7- 9 | 10-12 | 13-15 | 16-18 | 19-21 || total
-------------------------+-------+-------+-------+-------+-------+-------+-------++-------
Melee: War axe           |    72 |   156 |       |       |       |       |       ||   228
       Headbutt          |     8 |    22 |    50 |   164 |   499 |   609 |   215 ||  1567
       Short sword       |       |       |   216 |   522 |  1444 |  1580 |   446 ||  4208
Throw: Dart              |       |       |       |    14 |     8 |       |       ||    22
       Throwing net      |       |       |       |       |       |       |     1 ||     1
Invok: Call Merchant     |       |       |       |     2 |     4 |     2 |       ||     8
       Potion Petition   |       |       |       |       |       |       |     1 ||     1
Evoke: Wand              |       |       |       |       |     5 |     7 |       ||    12
  Use: Scroll            |       |    11 |     2 |     7 |    19 |     5 |     1 ||    45
       Potion            |       |     2 |       |     9 |     2 |     3 |     3 ||    19
 Stab: Confused          |       |       |       |       |     3 |     6 |       ||     9
       Distracted        |       |       |       |       |     7 |     7 |     4 ||    18
  Eat: Chunk             |     1 |     4 |     1 |       |     1 |       |       ||     7
       Ration            |       |     3 |     3 |     7 |    11 |    11 |     2 ||    37
Armor: Scale mail        |    42 |    41 |    49 |    69 |       |       |       ||   201
       Plate armour      |       |       |       |    43 |   250 |   248 |    98 ||   639
Dodge: Dodged            |    27 |    54 |    46 |   110 |   300 |   371 |   103 ||  1011
Block: Kite shield       |    38 |    87 |   118 |   293 |   863 |  1155 |   294 ||  2848
       Reflection        |       |       |       |       |     1 |    90 |     7 ||    98

Table legend:
 A = Non-vault XP
 B = Vault XP
 C = Vault XP percentage of total XP
 D = Non-vault monster count
 E = Vault monster count
 F = Vault count percentage of total count
                 A         B        C        D         E       F
            +---------+---------+-------+---------+---------+-------
      Total |  249245 |  191585 |  43.5 |     821 |     353 |  30.1
            +---------+---------+-------+---------+---------+-------
        D:1 |      39 |       0 |   0.0 |      23 |       0 |   0.0
        D:2 |     114 |      51 |  30.9 |      27 |       2 |   6.9
        D:3 |     120 |       0 |   0.0 |      30 |       0 |   0.0
        D:4 |     230 |     183 |  44.3 |      20 |       3 |  13.0
        D:5 |     117 |       0 |   0.0 |       6 |       0 |   0.0
        D:6 |     645 |     382 |  37.2 |      21 |       2 |   8.7
        D:7 |    1816 |      46 |   2.5 |      28 |       8 |  22.2
        D:8 |     840 |     205 |  19.6 |      17 |       1 |   5.6
        D:9 |    2854 |      57 |   2.0 |      38 |       2 |   5.0
       D:10 |    1645 |     955 |  36.7 |       6 |       1 |  14.3
       D:11 |    2369 |     430 |  15.4 |      20 |       3 |  13.0
       D:12 |     747 |    5600 |  88.2 |       8 |       4 |  33.3
       D:13 |    1074 |   11659 |  91.6 |      12 |      21 |  63.6
       D:14 |   10555 |       0 |   0.0 |      35 |       0 |   0.0
       D:15 |    4577 |    8309 |  64.5 |      10 |      28 |  73.7
     Lair:1 |    2901 |       0 |   0.0 |       9 |       0 |   0.0
     Lair:2 |    1793 |     427 |  19.2 |       9 |       2 |  18.2
     Lair:3 |    7236 |       0 |   0.0 |      26 |       0 |   0.0
     Lair:4 |    9889 |    2169 |  18.0 |      30 |       5 |  14.3
     Lair:5 |    9133 |    4697 |  34.0 |      38 |       7 |  15.6
     Lair:6 |    4676 |   17460 |  78.9 |      11 |      38 |  77.6
    Swamp:1 |    8087 |       0 |   0.0 |      18 |       0 |   0.0
    Swamp:2 |    7383 |       0 |   0.0 |      16 |       0 |   0.0
    Swamp:3 |    4986 |    1551 |  23.7 |      20 |       1 |   4.8
    Swamp:4 |   12127 |   14929 |  55.2 |      30 |      25 |  45.5
    Slime:1 |   18933 |       0 |   0.0 |      27 |       0 |   0.0
    Slime:2 |   15932 |    5990 |  27.3 |      24 |       7 |  22.6
    Slime:3 |   15451 |       0 |   0.0 |      38 |       0 |   0.0
    Slime:4 |   24721 |       0 |   0.0 |      42 |       0 |   0.0
    Slime:5 |   22094 |   25130 |  53.2 |      42 |      11 |  20.8
      Orc:1 |    4005 |    1183 |  22.8 |      27 |       6 |  18.2
      Orc:2 |    2441 |    8841 |  78.4 |      30 |      41 |  57.7
      Elf:1 |   13982 |    7732 |  35.6 |      23 |      11 |  32.4
      Elf:2 |   10971 |   24894 |  69.4 |      17 |      35 |  67.3
      Elf:3 |   24762 |   42028 |  62.9 |      43 |      35 |  44.9
      IceCv |       0 |    6677 | 100.0 |       0 |      54 | 100.0
            +---------+---------+-------+---------+---------+-------
